 Dungeon Crawl Stone Soup version 0.27.1-35-g4d5d836560 (webtiles) character file.

Game seed: 16689188749737347416

801 Delamore the Cutter (level 7, -14/67 HPs)
             Began as an Octopode Brigand on May 16, 2022.
             Killed from afar by a steam dragon (16 damage)
             ... with a ball of steam
             ... on level 4 of the Dungeon.
             The game lasted 00:05:44 (5417 turns).

Delamore the Cutter (Octopode Brigand)              Turns: 5417, Time: 00:05:45

Health: -14/67     AC: 23    Str: 10    XL:     7   Next: 90%
Magic:  16/16      EV:  2    Int: 13    God:
Gold:   197        SH:  0    Dex: 16    Spells: 6/6 levels left

rFire    . . .     SeeInvis .   (no weapon)
rCold    . . .     Faith    .   (no shield)
rNeg     + + +     Spirit   .   (helmet currently unavailable)
rPois    +         Reflect  .   o - amulet of magic regeneration
rElec    .         Harm     .   y - ring of magical power
rCorr    .         Rampage  .   (no ring)
Will     .....     Rnd*Rage +   (no ring) Stlth +++.......NoTele +
                                (no ring)
HPRegen  0.21/turn              (no ring)
MPRegen  0.40/turn              (no ring)
                                (no ring)
                                (no ring)

@: tree-form
A: stationary, stasis, torment immunity, boosted hp, almost no armour,
(amphibious), 8 rings, (camouflage 1), (gelatinous body 1), (nimble swimmer 1),
(tentacles), (iridescent scales 1), berserk 1, (poison resistance), MP-powered
wands
a: no special abilities


You were on level 4 of the Dungeon.
You were a tree.
You visited 2 branches of the dungeon, and saw 5 of its levels.
You also visited: Ossuary.

You collected 197 gold pieces.

Inventory:

Hand Weapons
 a - a +2 dagger
 c - a +4 dagger
 d - a +0 dagger of venom
Missiles
 b - 15 poisoned darts (quivered)
 g - 3 throwing nets
 h - 146 stones
Jewellery
 o - an amulet of magic regeneration (around neck)
 y - a ring of magical power (left branch)
Scrolls
 f - a scroll of blinking
 i - a scroll of summoning
 l - 2 scrolls of noise
 m - 2 scrolls of fear
 n - a scroll of magic mapping
 p - a scroll of immolation {unknown}
 q - a scroll of vulnerability
 v - a scroll of acquirement {unknown}
Potions
 j - a potion of attraction {unknown}
 k - a potion of curing
 r - 2 potions of degeneration {unknown}
 s - 2 potions of berserk rage {unknown}
 t - a potion of might {unknown}
 u - a potion of heal wounds {unknown}
 w - a potion of brilliance {unknown}
 x - a potion of cancellation {unknown}


   Skills:
 - Level 2.0 Fighting
 * Level 7.3 Short Blades
 + Level 5.2 Throwing
 - Level 1.0 Dodging
 - Level 5.3 Stealth


You had 6 spell levels left.
You didn't know any spells.
Your spell library contained the following spells:

 Spells                   Type           Power      Damage    Failure   Level
 Corona                   Hex            0%         N/A       30%         1


Dungeon Overview and Level Annotations

Branches:
Dungeon (4/15)             Temple (1/1) D:4         Ossuary (visited)

Altars:
Ashenzari
Dithmenos
Hepliaklqana
Kikubaaqudgha
Makhleb
Okawaru
Ru
Sif Muna
Vehumet
Yredelemnul
The Shining One
Lugonu


Innate Abilities, Weirdness & Mutations

You are a tree.
Your roots penetrate the ground, keeping you stationary.
You cannot be teleported.
You are immune to unholy pain and torment.
Your maximum health is greatly increased.
You cannot wear most types of armour.
((You are amphibious.))
You can wear up to eight rings at the same time.
((Your skin changes colour to match your surroundings (Stealth+).))
((Your rubbery body absorbs attacks. (AC +1, EV +1)))
((You are camouflaged near water. (Stealth+)))
((You have tentacles for arms and can constrict up to eight enemies at once.))
((You are partially covered in iridescent scales. (AC +2)))
You tend to lose your temper in combat.
((Your system is resistant to poisons. (rPois)))
You expend magic power (3 MP) to strengthen your wands.


Message History

r - Retreat! s - Stop attacking. g - Guard the area. f - Follow me.
Anything else - Cancel.
Okay, then.
There are monsters nearby!
You are now empty-handed.
The steam dragon bites you but does no damage.
The steam dragon claws you. The kobold barely misses you.
There are no items here.
There are no items here.
You hit the steam dragon.
The steam dragon is heavily wounded.
The steam dragon bites you but does no damage.
The steam dragon barely misses you. The kobold hits you but does no damage.
You barely miss the steam dragon.
The steam dragon is heavily wounded.
The steam dragon bites you but does no damage.
The steam dragon claws you but does no damage.
The kobold hits you but does no damage.
You hit the steam dragon.
The steam dragon is heavily wounded.
The steam dragon breathes steam at you. The ball of steam hits you!
* * * LOW HITPOINT WARNING * * *
The kobold barely misses you.
You hear a shout!
You hit the steam dragon but do no damage.
The steam dragon is heavily wounded.
You are engulfed in a cloud of scalding steam.
The steam dragon bites you.
* * * LOW HITPOINT WARNING * * *
The steam dragon claws you but does no damage.
The kobold hits you but does no damage.
You smack the steam dragon!
The steam dragon is almost dead.
You are engulfed in a cloud of scalding steam.
* * * LOW HITPOINT WARNING * * *
The steam dragon breathes steam at you. The ball of steam hits you!
You die...

.###.## #.####.....####..###.....
......###................###.....
.................................
.....#.........##################
#....#.#<#.###.# #.D....D.......
.....#.#.#.###.# #.#############
##.#.#,#,#,#...####.# #......
*#.#.#,*,*,#.###....#######.####.
,#.#.#,,,*,#.#.8♣#..........# #.
##.#.#****,#...K.D.########## #.
#..#..,,,,,#.8.>.8.# #.
#.##*,,,***#......### #. #.#
*,,,* ###.8.#..# #. #.# *,,,*
#......# ######. #.# *,,,*
#......# #...... #.# *,,,*
#......# #...... #.#
*,,,****##......##### #......


You could see a steam dragon (catching breath) and a kobold.

Vanquished Creatures
  An ogre (D:4)
  A scorpion (D:4)
  4 water moccasin zombies (Ossuary)
  A hound (D:4)
  2 orc priests (D:3)
  Natasha (twice) (D:2)
  3 orc wizards (D:3)
  3 mummies
  6 adders
  6 adder zombies (Ossuary)
  A dart slug (D:4)
  7 orcs
  6 bats
  5 endoplasms
  4 giant cockroaches
  2 gnoll zombies (Ossuary)
  8 goblins
  9 hobgoblins
  7 jackals (D:1)
  5 quokkas
  9 ball pythons
  2 frilled lizards
  2 hobgoblin zombies (Ossuary)
  7 kobolds
  3 kobold zombies (Ossuary)
  6 orc zombies (Ossuary)
  3 rats
115 creatures vanquished.

Vanquished Creatures (others)
  An ufetubus (D:4)
  3 fungi (D:2)
  2 plants (D:2)
6 creatures vanquished.

Grand Total: 121 creatures vanquished

Notes
Turn   | Place    | Note
-------+----------+-------------------------------------------
     0 | D:1      | Delamore the Octopode Brigand began the quest for the Orb.
     0 | D:1      | Reached XP level 1. HP: 14/14 MP: 1/1
   175 | D:1      | Reached XP level 2. HP: 18/19 MP: 2/2
   491 | D:1      | Reached skill level 3 in Short Blades
   494 | D:1      | Reached XP level 3. HP: 24/24 MP: 3/3
  1220 | D:2      | Found a faded altar of an unknown god.
  1450 | D:2      | Reached XP level 4. HP: 25/29 MP: 4/4
  1861 | D:2      | Noticed Natasha
  1876 | D:2      | Killed Natasha
  1877 | D:2      | Reached skill level 4 in Short Blades
  2233 | D:2      | Noticed Natasha
  2239 | D:2      | Killed Natasha
  2321 | D:3      | Reached XP level 5. HP: 21/34 MP: 5/5
  2556 | D:3      | Gained mutation: You tend to lose your temper in combat.
                  | [potion of mutation]
  2556 | D:3      | Gained mutation: You are partially covered in iridescent
                  | scales. (AC +2) [potion of mutation]
  2556 | D:3      | Gained mutation: Your system is resistant to poisons.
                  | (rPois) [potion of mutation]
  2556 | D:3      | Gained mutation: You expend magic power (3 MP) to
                  | strengthen your wands. [potion of mutation]
  2569 | D:3      | Reached skill level 5 in Short Blades
  2569 | D:3      | Reached XP level 6. HP: 16/39 MP: 6/6
  3032 | D:3      | Found a shimmering blue altar of Sif Muna.
  3059 | D:3      | Got Sif Muna's Volume of Hexes
  3734 | D:4      | Found a sand-covered staircase.
  3790 | Ossuary  | Entered an ossuary
  3930 | Ossuary  | Reached skill level 6 in Short Blades
  3930 | Ossuary  | Reached XP level 7. HP: 27/45 MP: 7/7
  4546 | D:4      | Found a burning altar of Makhleb.
  4550 | D:4      | Reached skill level 7 in Short Blades
  4550 | D:4      | Reached skill level 5 in Throwing
  4655 | D:4      | Found a staircase to the Ecumenical Temple.
  4674 | Temple   | Entered the Ecumenical Temple
  5152 | D:4      | Noticed a steam dragon
  5167 | D:4      | HP: 2/45 [steam dragon (2)]
  5417 | D:4      | HP: 2/67 [steam dragon] (11)]
  5417 | D:4      | Killed from afar by a steam dragon

Illustrated notes

Levels and vault maps discovered:
D:1:      amcnicky_arrival_gap_in_the_tavern_cellar, layout_rooms, minivault_19,
          grunt_decor_one_mirror, minmay_crystal_room
D:2:      layout_loops_ring, shapermc_ecumenical_altar_ellora, kennysheep_donut,
          minmay_misc_feat_room, uniq_natasha
D:3:      corexii_shack_village, layout_basic, led_sif_book
D:4:      cheibrodos_barr_body, layout_basic, kennysheep_mini_moat,
          lemuel_tele_altar, minmay_temple_entry_statues_pillars,
          nicolae_ossuary_entry_giza, minmay_tree_intersection
Temple:   corrupted_temple

Skill      XL: |  1  2  3  4  5  6  7 |
---------------+----------------------+-----
Short Blades   | 3 4 5 6 7 |  7.3
Throwing       | 3 4 5 |  5.2
Fighting       | |  2.0
Dodging        | |  1.0
Stealth        | |  5.3

Action                   |  1- 3 |  4- 6 |  7- 9 || total
-------------------------+-------+-------+-------++-------
Melee: Dagger            |    62 |   118 |    87 ||   267
       Tentacles         |     9 |    20 |    17 ||    46
       Constrict         |    11 |    21 |    12 ||    44
       Unarmed           |       |       |     5 ||     5
Throw: Stone             |       |    24 |       ||    24
       Dart              |       |    10 |     4 ||    14
  Use: Scroll            |     2 |     3 |     3 ||     8
       Potion            |       |     3 |     4 ||     7
 Stab: Sleeping          |    17 |     8 |    10 ||    35
Armor: Skin              |     2 |    15 |    37 ||    54
Dodge: Dodged            |    25 |    43 |    25 ||    93
